 Dungeon Crawl Stone Soup version 0.20-a0-1124-g2e29d97 (webtiles) character file.

179 mopl the Stinger (level 5, 0/42 HPs)
             Began as a Naga Venom Mage on May 15, 2017.
             Slain by a gnoll
             ... wielding a +0 spear
              (6 damage)
             ... on level 3 of the Dungeon.
             The game lasted 00:06:06 (2219 turns).

mopl the Stinger (Naga Venom Mage)                  Turns: 2219, Time: 00:06:07

Health: 0/42       AC:  5    Str: 10    XL:     5   Next: 59%
Magic:  0/8        EV: 10    Int: 16    God:
Gold:   144        SH:  0    Dex: 12    Spells: 3/9 levels left

rFire    . . .     SeeInvis +   f - +0 short sword
rCold    . . .     Gourm    +   (no shield)
rNeg     . . .     Faith    .   a - +0 robe
rPois    +         Spirit   .   (no helmet)
rElec    .         Reflect  .   (no cloak)
rCorr    .         Harm     .   n - +2 pair of gloves
MR       .....                  (no barding)
Stlth    ++........             w - amulet of the gourmand
Regen    0.2/turn               (no ring)
MPRegen  0.2/turn               (no ring)

@: very slow
A: see invisible, deformed body, poison resistance, slowness 2, slow metabolism
1, spit poison 1, AC +1
a: Spit Poison


You were on level 3 of the Dungeon.
You were full.

You visited 1 branch of the dungeon, and saw 3 of its levels.
You also visited: Sewer.

You collected 144 gold pieces.

Inventory:

Hand Weapons
 f - a +0 short sword (weapon)
Missiles
 i - a throwing net (quivered)
Armour
 a - a +0 robe (worn)
 n - a +2 pair of gloves (worn)
Jewellery
 w - an amulet of the gourmand (around neck)
Wands
 x - a wand of lightning (8/15)
Scrolls
 d - 2 scrolls of remove curse {unknown}
 g - 2 scrolls of enchant weapon {unknown}
 k - 3 scrolls of teleportation {unknown}
 m - a scroll of fog {unknown}
 p - a scroll of amnesia {unknown}
 r - a scroll of fear {unknown}
 t - a scroll of blinking {unknown}
Potions
 e - 4 potions of curing {unknown}
 l - a potion of flight
 o - a potion of mutation {!q}
 s - a potion of heal wounds
 u - a potion of magic
 z - a potion of resistance
Books
 b - a Young Poisoner's Handbook

   Spells                             Type                      Level
   a - Sting                          Conjuration/Poison           1
   b - Poisonous Vapours              Poison/Air                   2
   c - Mephitic Cloud                 Conjuration/Poison/Air       3
   d - Olgreb's Toxic Radiance        Poison                       4
   e - Venom Bolt                     Conjuration/Poison           5
Comestibles
 c - 3 bread rations
 h - a royal jelly
 j - a fruit
 v - 2 meat rations


   Skills:
 - Level 1.5 Dodging
 - Level 3.0 Stealth
 + Level 2.5 Spellcasting
 * Level 3.0 Conjurations
 + Level 1.6 Air Magic
 * Level 6.0 Poison Magic


You had 3 spell levels left.
You knew the following spells:

 Your Spells              Type           Power        Failure   Level  Hunger
a - Sting                 Conj/Pois      ###.         3%          1    #......
b - Poisonous Vapours     Pois/Air       ##....       6%          2    ##.....
d - Mephitic Cloud        Conj/Pois/Air  ##......     14%         3    ###....


Dungeon Overview and Level Annotations

Branches:
Dungeon (3/15)

Altars:


Innate Abilities, Weirdness & Mutations

You cannot wear boots.
Your serpentine skin is tough. (AC +1)
You have supernaturally acute eyesight. (SInv)
Armour fits poorly on your strangely shaped body.
Your system is resistant to poisons. (rPois)
You cover ground very slowly.
You have a slow metabolism.
You can spit poison.


Message History

Confirm with . or Enter, or press ? or * to list all spells.
Aiming: Sting
Press: ? - help, Shift-Dir - straight line, f/p - gnoll
Aim: a gnoll, wielding a spear (heavily wounded, poisoned)
The sting hits the gnoll.
The gnoll is heavily wounded.
The gnoll hits you from afar with a spear.
* * * LOW HITPOINT WARNING * * *
Unknown command.
The gnoll hits you from afar with a spear.
* * * LOW HITPOINT WARNING * * *
Casting: Sting
Confirm with . or Enter, or press ? or * to list all spells.
Aiming: Sting
Press: ? - help, Shift-Dir - straight line, f/p - gnoll
Aim: a gnoll, wielding a spear (heavily wounded, poisoned)
The sting hits the gnoll.
The gnoll looks even sicker.
The gnoll is severely wounded.
The gnoll hits you from afar with a spear.
You die...

#### ### ##...# #..
..# #..#.# # #.# #.#
#.##≈###### ######.#
#.#
########.#≈≈≈#≈≈≈≈
.......# #.#
#..).÷...#≈≈≈#≈÷#≈
######.# #.#
#.######.##≈##≈≈##
#.#.#####.# #!####
##.#≈#≈≈≈≈#
###.#........# #.)g>#
#.#≈#≈≈.≈#
....<###..######@##.#
###≈##≈≈## ######
#...<.....# .#
#≈≈≈####≈ #.#######.#
.# #≈≈≈≈≈≈≈≈
########.# #.# .#
##≈###### ....<.##.#
#.# .# ### #
#####.##.# #.# .#
#.##.# #.# .# #.##.#
#.# #.##.# .#


You could see a gnoll.

Vanquished Creatures
  A crocodile (Sewer)
  2 gnolls (D:3)
  An adder (D:2)
  A worm (D:2)
  2 dart slugs (D:1)
  3 leopard geckos
  2 orcs (D:3)
  6 giant cockroaches
  8 goblins
  4 hobgoblins
  4 jackals
  11 kobolds
  9 bats
  A frilled lizard (D:2)
  4 rats
59 creatures vanquished.

Notes
Turn   | Place    | Note
-------+----------+-------------------------------------------
     0 | D:1      | mopl the Naga Venom Mage began the quest for the Orb.
     0 | D:1      | Reached XP level 1. HP: 15/15 MP: 3/3
   279 | D:1      | Reached XP level 2. HP: 22/22 MP: 3/5
   286 | D:1      | Learned a level 2 spell: Poisonous Vapours
   572 | D:1      | Reached XP level 3. HP: 28/28 MP: 1/6
   597 | D:1      | Learned a level 3 spell: Mephitic Cloud
   814 | D:1      | Reached skill level 5 in Poison Magic
  1386 | D:2      | Reached skill level 2 in Conjurations
  1745 | D:3      | Reached XP level 4. HP: 36/36 MP: 4/7
  1785 | D:3      | Reached skill level 1 in Air Magic
  1974 | D:3      | Found a glowing drain.
  1993 | Sewer    | Entered a sewer
  2090 | Sewer    | Noticed a crocodile
  2098 | Sewer    | Killed a crocodile
  2098 | Sewer    | Reached skill level 3 in Conjurations
  2098 | Sewer    | Reached XP level 5. HP: 42/42 MP: 2/8
  2209 | D:3      | Reached skill level 6 in Poison Magic
  2219 | D:3      | Slain by a gnoll

Vault maps used:
D:1:      ncdulo_halloftheorcs
D:3:      lemuel_crystal_altar, gup_sewer_entry_bubbles, first_bread
Sewer:    sewer_the_crocodile

Skill      XL: |  1  2  3  4  5 |
---------------+----------------+-----
Poison Magic   | 5 6 |  6.0
Conjurations   | 2 3 |  3.0
Air Magic      | 1 |  1.6
Dodging        | |  1.5
Stealth        | |  3.0
Spellcasting   | |  2.5

Action                   |  1- 3 |  4- 6 || total
-------------------------+-------+-------++-------
Melee: Unarmed           |     4 |       ||     4
       Short sword       |    71 |    57 ||   128
 Cast: Sting             |     9 |     2 ||    11
       Poisonous Vapours |    17 |    19 ||    36
  Use: Scroll            |       |     6 ||     6
 Stab: Sleeping          |     3 |       ||     3
  Eat: Chunk             |     3 |    11 ||    14
Armor: Robe              |    36 |    21 ||    57
Dodge: Dodged            |    55 |    34 ||    89
